Cogmind - Beta 11.1 @@@ ROGUE MODE // 2022.06.27 @ 10:37:18 Player: s0lid Result: Self-destructed Performance ------------- Evolutions (0) 0 Regions Visited (4) 800 Robots Destroyed (19) 95 Value Destroyed (471) 471 Prototype IDs (5) 100 Alien Tech Used (0) 0 Bonus (0) 0 TOTAL SCORE: 1466 Bonus ------- None Cogmind --------- Core Integrity 133/250 Matter 146/300 Energy 250/250 System Corruption 4% Temperature Cool (0) Movement Walking (190) Ox1 Location -9/Mines Parts ------- > --- POWER (1) -------- Ion Engine > --- PROPULSION (2) --- Aluminum Leg Aluminum Leg > --- UTILITY (2) ------ Medium Storage Unit Improved Trap Extractor (1/6 Explosive) > --- WEAPON (2) ------- Assault Rifle Hammer > --- INVENTORY (10) --- Improved Ion Engine Improved Deuterium Engine Aluminum Leg Aluminum Leg Compact Wheel Matter Filter Utility Shielding Improved Medium Armor Plating Grenade Launcher Datajack Peak State ------------ > --- POWER ------------ Improved Ion Engine > --- PROPULSION ------- Aluminum Leg Aluminum Leg > --- UTILITY ---------- Medium Storage Unit Improved Trap Extractor > --- WEAPON ----------- Assault Rifle Datajack > --- INVENTORY -------- Ion Engine Improved Deuterium Engine Aluminum Leg Aluminum Leg Compact Wheel Utility Shielding Improved Medium Armor Plating EM Pulse Gun Grenade Launcher Hammer [Rating: 12] Favorites ----------- Power Ion Engine Engine Ion Engine Propulsion Aluminum Leg Leg Aluminum Leg Utility Medium Storage Unit Device Structural Scanner Storage Medium Storage Unit Processor Armor Integrity Analyzer Hackware Hacking Suite Protection Improved Medium Armor Plating Weapon Assault Rifle Energy Gun Medium Laser Ballistic Gun Assault Rifle Impact Weapon Hammer Special Melee Weapon Datajack Build | -11 -10 -10 -10 -9 ------- Run | Scr Mat Min Exi Min Slots Evolved . | . . . . . Power . | . . . . . Propulsion . | . . . . . Utility . | . . . . . Weapon . | . . . . . Parts Attached 31 | 7 15 . . 9 Power 5 | 1 1 . . 3 Engine 5 | 1 1 . . 3 Core . | . . . . . Reactor . | . . . . . Propulsion 7 | 2 5 . . . Treads . | . . . . . Leg 7 | 2 5 . . . Wheel . | . . . . . Hover . | . . . . . Flight . | . . . . . Utility 12 | 2 6 . . 4 Device 5 | . 3 . . 2 Storage 3 | 2 1 . . . Processor 2 | . 1 . . 1 Hackware 1 | . 1 . . . Protection 1 | . . . . 1 Artifact . | . . . . . Weapon 7 | 2 3 . . 2 Energy Gun 1 | 1 . . . . Energy Cannon . | . . . . . Ballistic Gun 3 | 1 2 . . . Ballistic Cannon . | . . . . . Launcher . | . . . . . Special Weapon . | . . . . . Impact Weapon 2 | . 1 . . 1 Slashing Weapon . | . . . . . Piercing Weapon . | . . . . . Special Melee Weapon 1 | . . . . 1 Unidentified Prototypes . | . . . . . Parts Lost 1 | . 1 . . . Power . | . . . . . Propulsion . | . . . . . Utility . | . . . . . Weapon 1 | . 1 . . . Highest Loss Streak 1 | . 1 . . . To Critical Strikes . | . . . . . Average Slot Usage (%) 99 | . 98 100 100 99 Engine 14 | . 14 14 14 14 Leg 28 | . 28 28 28 28 Device 4 | . 5 . . 6 Storage 14 | . 14 14 14 14 Hackware 8 | . 7 14 14 6 Energy Gun 2 | . 3 . . . Ballistic Gun 13 | . 13 14 14 14 Impact Weapon 10 | . 10 14 14 6 Special Melee Weapon 1 | . . . . 7 Naked Turns . | . . . . . Heaviest Build 22 | 11 20 19 19 22 Greatest Support 20 | 20 20 20 20 20 Greatest Overweight (x) 1 | . . . . 1 Average Overweight (x) . | . . . . . Largest Inventory Capacity 10 | 8 10 10 10 10 Average Capacity 9 | 7 9 10 10 10 Most Carried 10 | 7 10 10 10 10 Average Carried 9 | 5 9 10 10 9 Final Capacity 10 | 8 10 10 10 10 Final Carried 10 | 6 10 10 10 10 Class Distribution -------------------- 87% | Mutant 12% | Scavenger-Mutant Dominant Class ---------------- Mutant | -10/Materials Mutant | -10/Mines Mutant | -10/Exiles Mutant | -9/Mines Resources | -11 -10 -10 -10 -9 ----------- Run | Scr Mat Min Exi Min Matter Collected 567 | 213 342 . . 12 Remotely . | . . . . . Salvage Created 620 | . 620 . . . Parts 25 | . 25 . . . Haulers Intercepted 2 | . 2 . . . Recyclers Shooed 1 | . 1 . . . Parts Field Recycled . | . . . . . Retrieved Matter . | . . . . . Parts Self-Destructed . | . . . . . Prevented . | . . . . . Kills | -11 -10 -10 -10 -9 ------- Run | Scr Mat Min Exi Min Combat Hostiles Destroyed 10 | . 10 . . . Melee 4 | . 4 . . . Guns 5 | . 5 . . . Classes Destroyed 6 | . 6 . . . Worker 1 | . 1 . . . Tunneler 1 | . 1 . . . Hauler 2 | . 2 . . . Operator 2 | . 2 . . . Watcher 3 | . 3 . . . Grunt 10 | . 10 . . . Best Kill Streak 3 | . 3 . . . Combat Bots Only 2 | . 2 . . . Max Kills in Single Turn 1 | . 1 . . . Gunslinging . | . . . . . Exploded . | . . . . . Melee 1 | . 1 . . . Uniques/NPCs Destroyed . | . . . . . Combat | -11 -10 -10 -10 -9 -------- Run | Scr Mat Min Exi Min Damage Taken 498 | . 498 . . . Core 117 | . 117 . . . Absorbed by Shields . | . . . . . Core Remaining (%) 100 | 100 . . . . Volleys Fired 33 | . 33 . . . Largest 2 | . 2 . . . Hottest 70 | . 70 . . . Shots Fired 59 | . 59 . . . Gun 59 | . 59 . . . Cannon . | . . . . . Launcher . | . . . . . Special . | . . . . . Kinetic 36 | . 36 . . . Thermal 23 | . 23 . . . Explosive . | . . . . . Electromagnetic . | . . . . . Robot Hit Streak 11 | . 11 . . . Robot Miss Streak 3 | . 3 . . . Penetration Max . | . . . . . Secondary Targets 1 | . 1 . . . Max Gunslinging Chain 1 | . 1 . . . Shots Hit Robots 61 | . 61 . . . Core Hits 22 | . 22 . . . Critical Kills 2 | . 2 . . . Critical Parts Destroyed 4 | . 4 . . . Critical Strikes 8 | . 8 . . . Burn 2 | . 2 . . . Smash 6 | . 6 . . . Melee Attacks 27 | . 27 . . . Impact 27 | . 27 . . . Slashing . | . . . . . Piercing . | . . . . . Sneak Attacks 4 | . 4 . . . Combat Hostiles . | . . . . . Follow-up Attacks . | . . . . . Damage Inflicted 1162 | . 1162 . . . Guns 487 | . 487 . . . Cannons . | . . . . . Explosions . | . . . . . Melee 675 | . 675 . . . Ramming . | . . . . . Kinetic 296 | . 296 . . . Thermal 191 | . 191 . . . Explosive . | . . . . . Electromagnetic . | . . . . . Impact 675 | . 675 . . . Slashing . | . . . . . Piercing . | . . . . . Highest Corruption 4 | . 4 4 4 4 Average Corruption 3 | . 3 4 4 4 Corruption Purged . | . . . . . Corruption Blocked . | . . . . . Effects 58 | . 35 2 13 8 Message Errors 14 | . 8 1 3 2 Matter Fused 15 | . 7 1 3 4 Heat Flow Errors 3 | . 3 . . . Energy Discharges 8 | . 5 . 2 1 Parts Rejected 2 | . 2 . . . Data Loss (minor) 6 | . 3 . 2 1 Data Loss (major) 6 | . 4 . 2 . Misfires 3 | . 3 . . . Alerts 1 | . . . 1 . Overload Shots . | . . . . . Overflow Damage 204 | . 204 . . . Projectiles . | . . . . . Explosions . | . . . . . Melee 204 | . 204 . . . Knockbacks 5 | . 5 . . . Impact 5 | . 5 . . . Kinetic . | . . . . . Secondary . | . . . . . Self-Inflicted Damage . | . . . . . Shots . | . . . . . Rammed . | . . . . . Targets Rammed . | . . . . . Kicked . | . . . . . Crushed . | . . . . . Highest Temperature 246 | . 246 . . . Average Temperature 69 | . 69 . . . Received Heat Transfer 294 | . 294 . . . Siege Activations . | . . . . . Robots Corrupted . | . . . . . Combat Hostiles . | . . . . . Parts Fried 13 | . 13 . . . Impact Corruptions 11 | . 11 . . . Robots Melted . | . . . . . Combat Hostiles . | . . . . . Parts Melted 1 | . 1 . . . Heat Transferred 703 | . 703 . . . Parts Sabotaged . | . . . . . Parts Stolen . | . . . . . Parts Stripped . | . . . . . Power Chain Reactions . | . . . . . Missiles Intercepted . | . . . . . Alert | -11 -10 -10 -10 -9 ------- Run | Scr Mat Min Exi Min Peak Influence 227 | . 227 40 . . Initial 40 | . . 40 . . Average 81 | . 120 40 . . Maximum Alert Level 1 | . 1 . . . Low Security (%) 85 | 100 77 100 . 100 Level 1 14 | . 22 . . . Level 2 . | . . . . . Level 3 . | . . . . . Level 4 . | . . . . . Level 5 . | . . . . . High Security . | . . . . . Max Security . | . . . . . Squads Dispatched 4 | . 4 . . . Investigation 3 | . 3 . . . Extermination . | . . . . . Reinforcement 1 | . 1 . . . Assault . | . . . . . Garrison . | . . . . . Intercept . | . . . . . Searches Triggered . | . . . . . Construction Impeded . | . . . . . Haulers Reinforced . | . . . . . Active Scanning Responses . | . . . . . Cargo Convoy Interrupts . | . . . . . Stealth | -11 -10 -10 -10 -9 --------- Run | Scr Mat Min Exi Min Distress Signals 2 | . 2 . . . Communications Jammed . | . . . . . Distress Signals . | . . . . . Times Spotted 29 | . 27 2 . . Peak Tracking Total 6 | . 6 2 . . Tactical Retreats 3 | . 3 . . . Traps | -11 -10 -10 -10 -9 ------- Run | Scr Mat Min Exi Min Traps Triggered 3 | . 3 . . . Indirectly . | . . . . . Trap Hack Attempts 21 | . . . . 21 Triggered . | . . . . . Disarmed . | . . . . . Reprogrammed 3 | . . . . 3 Reused . | . . . . . Traps Extracted 3 | . . . . 3 Installed . | . . . . . Triggered . | . . . . . Most Traps Carried 1 | . . . . 1 Machines | -11 -10 -10 -10 -9 ---------- Run | Scr Mat Min Exi Min Machines Disabled . | . . . . . Max in Single Turn . | . . . . . Machines Sabotaged . | . . . . . Garrisons Compromised . | . . . . . Overloaded Fab Kills . | . . . . . Hacking | -11 -10 -10 -10 -9 --------- Run | Scr Mat Min Exi Min Machines Accessed 10 | . 8 . 1 1 Terminals 7 | . 7 . . . Fabricators . | . . . . . Repair Stations . | . . . . . Recycling Units 1 | . 1 . . . Scanalyzers . | . . . . . Garrison Access . | . . . . . Total Hacks 35 | . 27 . 7 1 Successful 29 | . 21 . 7 1 Failed 6 | . 6 . . . Catastrophic . | . . . . . Database Lockouts . | . . . . . Manual 20 | . 20 . . . Terminals 26 | . 26 . . . Fabricators . | . . . . . Repair Stations . | . . . . . Recycling Units 1 | . 1 . . . Scanalyzers . | . . . . . Garrison Access . | . . . . . Terminal Hacks 23 | . 15 . 7 1 Record 9 | . 2 . 7 . Part Schematic 1 | . 1 . . . Prototype ID Bank 4 | . 4 . . . Open Door 1 | . . . . 1 Level Access Points 1 | . 1 . . . Emergency Access Points 1 | . 1 . . . Terminal Index 1 | . 1 . . . Locate Traps 2 | . 2 . . . Maintenance Status 1 | . 1 . . . Surveillance Status 1 | . 1 . . . Hauler Manifests 1 | . 1 . . . Fabricator Hacks . | . . . . . Repair Station Hacks . | . . . . . Recycling Unit Hacks 1 | . 1 . . . Report Inventory 1 | . 1 . . . Scanalyzer . | . . . . . Garrison Access Hacks . | . . . . . Unauthorized Hacks 5 | . 5 . . . Terminals 5 | . 5 . . . Botnet 5 | . 5 . . . Fabricators . | . . . . . Repair Stations . | . . . . . Recycling Units . | . . . . . Scanalyzers . | . . . . . Garrison Access . | . . . . . Data Cores Recovered 1 | . 1 . . . Used . | . . . . . Hacking Detections 8 | . 8 . . . Full Trace Events 3 | . 3 . . . Feedback Events . | . . . . . Feedback Blocked . | . . . . . Robot Schematics Acquired . | . . . . . Robots Built . | . . . . . Authchips . | . . . . . Time . | . . . . . Total Robot Build Rating . | . . . . . Part Schematics Acquired 1 | . 1 . . . Parts Built . | . . . . . Authchips . | . . . . . Time . | . . . . . Total Part Build Rating . | . . . . . Parts Repaired . | . . . . . Time . | . . . . . Parts Recycled . | . . . . . Recycled Matter . | . . . . . Retrieved Matter . | . . . . . Retrieved Components . | . . . . . Parts Scanalyzed . | . . . . . Part Schematics Acquired . | . . . . . Parts Damaged . | . . . . . Bothacking | -11 -10 -10 -10 -9 ------------ Run | Scr Mat Min Exi Min Used RIF Installer . | . . . . . Robots Hacked . | . . . . . Non-combat . | . . . . . Combat . | . . . . . Robot Hacks Applied . | . . . . . Relay Couplers Released . | . . . . . Fabnet Peak Effective % . | . . . . . Robots Rewired . | . . . . . Allies Hacked . | . . . . . Hacks Repelled . | . . . . . Allies | -11 -10 -10 -10 -9 -------- Run | Scr Mat Min Exi Min Total Allies . | . . . . . Largest Group . | . . . . . Highest-Rated Group . | . . . . . Highest-Rated Ally . | . . . . . Total Orders . | . . . . . Ally Attacks . | . . . . . Total Damage . | . . . . . Kills . | . . . . . Allies Corrupted . | . . . . . Allies Melted . | . . . . . Intel | -11 -10 -10 -10 -9 ------- Run | Scr Mat Min Exi Min Robot Analysis Total . | . . . . . Derelict Logs Recovered 1 | . . . . 1 Drone Launches . | . . . . . Drone Recoveries . | . . . . . Exploration | -11 -10 -10 -10 -9 ------------- Run | Scr Mat Min Exi Min Turns Passed 2687 | 181 1460 102 490 454 Spaces Moved 1786 | 141 1000 83 409 153 Core 6 | 6 . . . . Treads . | . . . . . Legs 1780 | 135 1000 83 409 153 Wheels . | . . . . . Hover . | . . . . . Flight . | . . . . . Fastest Speed 50 | 50 120 120 120 120 Average Speed 123 | 117 120 120 120 167 Slowest Speed 190 | 120 120 120 120 190 Overloaded Moves . | . . . . . Propulsion Burnouts . | . . . . . Robots Hopped . | . . . . . Cave-ins Triggered . | . . . . . Exploration Rate (%) 49 | 8 97 15 89 36 Regions Visited 4 Branch Regions 3 Pre-discovered Areas . | . . . . . Known Exits Taken . | . . . . . Unknown Exits Taken 4 | 1 1 1 1 . Scrap Searched 1 | . . . . 1 Spaces Dug . | . . . . . Terrain Destroyed . | . . . . . Melee . | . . . . . Projectile . | . . . . . AOE . | . . . . . Terrain Rammed . | . . . . . Walls Destroyed . | . . . . . Machines Disabled . | . . . . . Actions | -11 -10 -10 -10 -9 --------- Run | Scr Mat Min Exi Min Total 2163 | 155 1162 86 408 352 Wait 225 | . 66 2 . 157 Move 1782 | 140 999 82 408 153 Hop . | . . . . . Pick Up 21 | 7 9 1 . 4 Fast Attach 14 | 5 5 . . 4 Attach 5 | 2 2 . . 1 Detach 4 | 1 1 . . 2 Swap 12 | . 8 . . 4 Drop 19 | . 12 1 . 6 Fire 33 | . 33 . . . Melee 27 | . 27 . . . Ram . | . . . . . Kick . | . . . . . Crush . | . . . . . Escape Stasis . | . . . . . Rewire . | . . . . . Trap 21 | . . . . 21 Miscellaneous . | . . . . . Route ------- -11/Scrapyard -10/Materials (discovered 4 exits: *Mat x3 / [*Min]) -10/Mines -10/Exiles (discovered 2 exits: *Min x2) -9/Mines History --------- Turn | Location | Event 3 | -11/Scrapyard | Discovered new exit (range 15) 182 | -11/Scrapyard | Entered Materials 329 | -10/Materials | Discovered new exit (range 5) 330 | -10/Materials | Build established: Mutant 544 | -10/Materials | Discovered new exit (range 11) 1172 | -10/Materials | Build established: Scavenger-Mutant 1190 | -10/Materials | Discovered new exit (range 16) 1346 | -10/Materials | Identified exit to Materials 1509 | -10/Materials | Build established: Mutant 1642 | -10/Materials | Entered Mines 1647 | -10/Mines | Joined a pair of Derelicts in attacking an 0b10 outpost 1684 | -10/Mines | Deemed a non-threat by the Exiles lab entrance 1684 | -10/Mines | Discovered new exit (range 5) 1718 | -10/Mines | Assembled infested the area 1723 | -10/Mines | Assisted by a Guerilla fighting off Assembled 1744 | -10/Mines | Entered Exiles 1766 | -10/Exiles | Discovered new exit (range 14) 1795 | -10/Exiles | Met 8R-AWN 1815 | -10/Exiles | Met EX-HEX 1848 | -10/Exiles | Met EX-BIN 1964 | -10/Exiles | Met EX-DEC 2014 | -10/Exiles | Visited The Gauntlet 2216 | -10/Exiles | Discovered new exit (range 14) 2234 | -10/Exiles | Entered Mines 2235 | -9/Mines | Met a Derelict bent on vengeance 2268 | -9/Mines | Met a Derelict who couldn't figure out how to use a Trap Extractor 2688 | -9/Mines | Self-destructed Last Messages --------------- 02497_ Proton Bomb Trap extracted. 02498_ Imp. Trap Extractor collected Proton Bomb Trap. 02500_ Imp. Trap Extractor collected Blade Trap. 02520_ Identified Imp. Ion Engine. 02525_ Dropped EM Pulse Gun. 02526_ Acquired Matter Filter. 02531_ System corrupted: Matter fused (-6). 02533_ Imp. Trap Extractor collected Proton Bomb Trap. 02550_ System corrupted: Component data lost. 02577_ ZN-JJK(g): "VENGEANCE!" 02579_ System corrupted: Matter fused (-9). 02593_ Acquired derelict log, extracted data. Data stored: Storage entrances (x1). 02596_ ZFTLCK